 Dungeon Crawl Stone Soup version 0.18.1-50-g88ac8fd (webtiles) character file.

504 Chiseanne the Skirmisher (level 7, -7/74 HPs)
             Began as an Ogre Hunter on Apr 23, 2017.
             Mangled by ciphuk's ghost (13 damage)
             ... in an ossuary.
             The game lasted 00:07:50 (4070 turns).

Chiseanne the Skirmisher (Ogre Hunter)              Turns: 4070, Time: 00:07:51

Health: -7/74      AC:  4    Str: 18    XL:     7   Next: 17%
Magic:  7/7        EV: 11    Int: 16    God:
Gold:   134        SH:  0    Dex: 12    Spells: 0 memorised, 6 levels left

rFire  + . .     SeeInvis .     a - +7 mace of Purpose {vamp, Int+6}
rCold  + . .     Gourm    +     l - +1 robe {rC+ rF+}
rNeg   . . .     Faith    .     (no shield)
rPois  .         Spirit   .     (helmet restricted)
rElec  .         Dismiss  .     (no cloak)
rCorr  .         Reflect  .     (gloves unavailable)
SustAt .         Harm     .     (boots unavailable)
MR     .....                    i - amulet of the gourmand
Stlth  +.........               (no ring)
                                (no ring)

@: not resistant to hostile enchantments, very unstealthy
A: unfitting armour, tough skin 1
a: no special abilities


You were in an ossuary.
You were very full.

You visited 1 branch of the dungeon, and saw 4 of its levels.
You also visited: Ossuary.

You collected 134 gold pieces.

Inventory:

Hand Weapons
 a - the +7 mace of Purpose (weapon) {vamp, Int+6}
   (You found it on level 4 of the Dungeon)

   It inflicts no extra harm, but heals its wielder somewhat when it strikes a
   living foe.
   It affects your intelligence (+6).
Missiles
 e - 19 poisoned needles
 g - 78 stones (quivered)
 h - 63 arrows
 q - 17 bolts
Armour
 l - a +1 robe of resistance (worn)
Jewellery
 i - an amulet of the gourmand (around neck)
 m - an uncursed ring of ice
Wands
 u - a wand of flame (21/48)
Scrolls
 r - 2 scrolls of amnesia
 v - a scroll of remove curse
Potions
 b - a potion of ambrosia {unknown}
 j - a potion of curing {unknown}
 k - a potion of magic
 n - 2 potions of heal wounds
 t - a potion of berserk rage {unknown}
 w - a potion of lignification {unknown}
Comestibles
 f - 4 bread rations
 p - 5 fruits


   Skills:
 * Level 5.9 Fighting
 * Level 5.9 Throwing
 * Level 4.2 Dodging
 - Level 0.7 Stealth


You had 6 spell levels left.
You didn't know any spells.

Dungeon Overview and Level Annotations

Branches:
Dungeon (4/15)
 Temple: D:4-7

Altars:
Elyvilon
Nemelex Xobeh
Pakellas
Ru

Annotations:
Ossuary ciphuk's ghost, novice MfIE


Innate Abilities, Weirdness & Mutations

You are too large for most types of armour.
You have tough skin (AC +1).


Message History

You throw a throwing net. The throwing net hits ciphuk's ghost.
The net passes right through ciphuk's ghost!
Ciphuk's ghost casts a spell at you.
You are frozen.
You barely miss ciphuk's ghost. Ciphuk's ghost barely misses you.
Ciphuk's ghost hits you!
You hit ciphuk's ghost but do no damage.
Ciphuk's ghost hits you!
You hit ciphuk's ghost.
Ciphuk's ghost is lightly damaged.
Ciphuk's ghost hits you!
* * * LOW HITPOINT WARNING * * *
A kobold zombie comes into view.
You closely miss ciphuk's ghost.
Ciphuk's ghost is lightly damaged.
Ciphuk's ghost casts a spell at you.
You are frozen.
* * * LOW HITPOINT WARNING * * *
Ciphuk's ghost hits you!
You die...

##############
#...................
#.... ..............
#..Z. ...8..8.......
#.... ........Z.....
#...# ####..######..
#...# #. #.. #...# #
#.. #..@# #.. #..W#
#.. #...# #.. #...#
#.. #...# #.( #...#
#.. #...# #.. #..(#
#.. #...# #..


You could see ciphuk's ghost and a kobold zombie (wandering).

Vanquished Creatures
  Sigmund (D:4)
  An elf zombie (Ossuary)
  A centaur zombie (Ossuary)
  A hound (D:3)
  An orc wizard (D:3)
  Natasha (D:4)
  A mummy (Ossuary)
  7 gnolls
  An adder (D:4)
  An ooze (D:2)
  4 worms
  3 dart slugs (D:1)
  A giant gecko (D:1)
  An orc (D:2)
  A ball python (D:2)
  A giant cockroach (D:2)
  4 goblins
  7 hobgoblins
  2 jackals (D:3)
  3 quokkas (D:3)
  8 bats
  3 giant newts
  A goblin zombie (Ossuary)
  5 hobgoblin zombies (Ossuary)
  3 kobolds
  4 kobold zombies (Ossuary)
  13 orc zombies (Ossuary)
  6 rats
86 creatures vanquished.

Vanquished Creatures (others)
  A giant cockroach (D:3)
  A goblin (D:3)
  A hobgoblin (D:3)
3 creatures vanquished.

Grand Total: 89 creatures vanquished

Notes
Turn   | Place    | Note
--------------------------------------------------------------
     0 | D:1      | Chiseanne the Ogre Hunter began the quest for the Orb.
     0 | D:1      | Reached XP level 1. HP: 22/22 MP: 1/1
   253 | D:1      | Reached XP level 2. HP: 25/31 MP: 2/2
   834 | D:2      | Found a sparkling altar of Nemelex Xobeh.
   908 | D:2      | Reached XP level 3. HP: 4/37 MP: 3/3
  1404 | D:2      | Found an oddly glowing altar of Pakellas.
  1622 | D:2      | Reached XP level 4. HP: 12/48 MP: 4/4
  2207 | D:3      | Found a white marble altar of Elyvilon.
  2384 | D:3      | Found a sacrificial altar of Ru.
  2411 | D:3      | Reached XP level 5. HP: 37/54 MP: 5/5
  2535 | D:3      | Reached skill level 5 in Throwing
  3625 | D:4      | Noticed Sigmund
  3632 | D:4      | Killed Sigmund
  3632 | D:4      | Reached skill level 5 in Fighting
  3632 | D:4      | Reached XP level 6. HP: 58/66 MP: 6/6
  3667 | D:4      | Got a smoking mace
  3668 | D:4      | Identified the +7 mace of Purpose {vamp, Int+6} (You found it on level 4 of the Dungeon)
  3695 | D:4      | Noticed Natasha
  3697 | D:4      | Killed Natasha
  3701 | D:4      | Found a sand-covered staircase.
  3724 | Ossuary  | Entered an ossuary
  3837 | Ossuary  | Reached XP level 7. HP: 48/74 MP: 7/7
  4008 | Ossuary  | Noticed ciphuk's ghost (novice MfIE)
  4070 | Ossuary  | Mangled by ciphuk's ghost

Skill      XL: |  1  2  3  4  5  6 |
---------------+-------------------+-----
Dodging        | 2 3 4 |  4.2
Fighting       | 3 4 5 |  5.9
Throwing       | 5 |  5.9
Stealth        | |  0.7

Action                   |  1- 3 |  4- 6 |  7- 9 || total
-------------------------+-------+-------+-------++-------
Melee: Short sword       |    72 |       |       ||    72
       Hand axe          |    30 |    76 |       ||   106
       Whip              |       |    38 |       ||    38
       Mace              |       |    38 |    32 ||    70
Throw: Large rock        |     1 |     5 |     5 ||    11
       Throwing net      |       |       |     2 ||     2
  Use: Scroll            |     8 |     3 |       ||    11
 Stab: Sleeping          |     3 |       |       ||     3
       Paralysed         |       |     1 |       ||     1
  Eat: Chunk             |    13 |    10 |       ||    23
Armor: Robe              |    34 |    33 |    11 ||    78
Dodge: Dodged            |    59 |   105 |    41 ||   205
